3AA
YAKIMA HOPS @ ATLANTIC CITY SONICS
08/28/2022
 
TOP OF THE 1ST
Yakima Hops batting - Pitching for Atlantic City Sonics : RHP Carlos Ramos
Pitching: RHP Carlos Ramos
Batting: RHB Abraham Jacobs 0-0: Ball
1-0: Called Strike
1-1: Ball
2-1: Ball
3-1: Foul Ball, location: 2F
3-2: Ground out 5-3 (Groundball, 56)
Batting: RHB Edgar García 0-0: Ball
1-0: Ball
2-0: Foul Ball, location: 2F
2-1: Fly out, F8 (Flyball, 8RXD)
Batting: SHB Carlos Sánchez 0-0: Called Strike
0-1: Ground out 4-3 (Groundball, 4)
Top of the 1st over - 0 run(s), 0 hit(s), 0 error(s), 0 left on base; Yakima 0 - Atlantic City 0
BOTTOM OF THE 1ST
Atlantic City Sonics batting - Pitching for Yakima Hops : RHP Curt Tate
Pitching: RHP Curt Tate
Batting: SHB David Snyder 0-0: Swinging Strike
0-1: Foul Ball, location: 2F
0-2: Ball
1-2: Ball
2-2: Foul Ball, location: 2F
2-2: Ball
3-2: Foul Ball, location: 2F
3-2: Fly out, F8 (Flyball, 8RM)
Batting: LHB Kip Burks 0-0: SINGLE (Line Drive, 7LS)
Batting: LHB Francisco Ortega 0-0: Called Strike
0-1: Ball
1-1: Ball
2-1: Fly out, F7 (Flyball, 7M)
Batting: RHB Martín Álvarez 0-0: Called Strike
0-1: Ball
1-1: Ball
2-1: Called Strike
2-2: Ball
3-2: Ground out 1-3 (Groundball, 15)
Bottom of the 1st over - 0 run(s), 1 hit(s), 0 error(s), 1 left on base; Yakima 0 - Atlantic City 0
TOP OF THE 2ND
Yakima Hops batting - Pitching for Atlantic City Sonics : RHP Carlos Ramos
Batting: LHB Jorge Vargas 0-0: Ball
1-0: Ball
2-0: Ground out U3 (Groundball, 3)
Batting: RHB William Miles 0-0: Ground out 6-3 (Groundball, 6)
Batting: RHB Gabriel Juárez 0-0: Swinging Strike
0-1: Fly out, F7 (Flyball, 78S)
Top of the 2nd over - 0 run(s), 0 hit(s), 0 error(s), 0 left on base; Yakima 0 - Atlantic City 0
BOTTOM OF THE 2ND
Atlantic City Sonics batting - Pitching for Yakima Hops : RHP Curt Tate
Batting: LHB Pedro López 0-0: Ball
1-0: Swinging Strike
1-1: Fly out, F6 (Line Drive, 6D)
Batting: RHB César Ramírez 0-0: Foul Ball, location: 2F
0-1: Swinging Strike
0-2: Foul Ball, location: 2F
0-2: Strikes out swinging
Batting: RHB Luis Garza 0-0: Ball
1-0: DOUBLE (Line Drive, 5D)
Batting: LHB Neal Hart 0-0: Foul Ball, location: 2F
0-1: Swinging Strike
0-2: Strikes out looking
Bottom of the 2nd over - 0 run(s), 1 hit(s), 0 error(s), 1 left on base; Yakima 0 - Atlantic City 0
TOP OF THE 3RD
Yakima Hops batting - Pitching for Atlantic City Sonics : RHP Carlos Ramos
Batting: SHB Esteban Lugo 0-0: Ball
1-0: Swinging Strike
1-1: Foul Ball, location: 2F
1-2: SINGLE (Line Drive, 34)
Batting: RHB Juan Márquez 0-0: Ball
1-0: Grounds into double play, 6-4-3 (Groundball, 6)
Batting: RHB Manuel Martínez 0-0: Called Strike
0-1: Ball
1-1: Ball
2-1: Ball
3-1: Called Strike
3-2: Base on Balls
Batting: RHB Abraham Jacobs 0-0: Foul Ball, location: 2F
0-1: DOUBLE (Flyball, 9LM)
Manuel Martínez to third
Runner from 3rd tries for Home, SAFE, no throw or cutoff
Batting: RHB Edgar García 0-0: Swinging Strike
0-1: Ball
1-1: Ball
2-1: Fly out, F7 (Flyball, 78M)
Top of the 3rd over - 1 run(s), 2 hit(s), 0 error(s), 1 left on base; Yakima 1 - Atlantic City 0
BOTTOM OF THE 3RD
Atlantic City Sonics batting - Pitching for Yakima Hops : RHP Curt Tate
Batting: RHB Bob Ethridge 0-0: Ground out 4-3 (Groundball, 4)
Batting: SHB David Snyder 0-0: Called Strike
0-1: Called Strike
0-2: Ball
1-2: Ball
2-2: Hit by Pitch
Batting: LHB Kip Burks 0-0: Fielders Choice at 2nd, 1-4 (Groundball, 23)
Batting: LHB Francisco Ortega Pickoff Throw to First - Error! E1
Kip Burks to second
0-0: Ball
1-0: Ball
2-0: Called Strike
Reached via error on a dropped throw, E1
Kip Burks to third
Batting: RHB Martín Álvarez 0-0: Ground out 4-3 (Groundball, 4)
Bottom of the 3rd over - 0 run(s), 0 hit(s), 2 error(s), 2 left on base; Yakima 1 - Atlantic City 0
TOP OF THE 4TH
Yakima Hops batting - Pitching for Atlantic City Sonics : RHP Carlos Ramos
Batting: SHB Carlos Sánchez 0-0: Ball
1-0: Called Strike
1-1: Ground out 4-3 (Groundball, 34)
Batting: LHB Jorge Vargas 0-0: Called Strike
0-1: Ball
1-1: DOUBLE (Line Drive, 8LM)
Batting: RHB William Miles 0-0: Ball
1-0: Ball
2-0: Ball
3-0: Foul Ball, location: 2F
3-1: Foul Ball, location: 2F
3-2: Base on Balls
Batting: RHB Gabriel Juárez 0-0: Grounds into double play, 6-4-3 (Groundball, 6)
Top of the 4th over - 0 run(s), 1 hit(s), 0 error(s), 1 left on base; Yakima 1 - Atlantic City 0
BOTTOM OF THE 4TH
Atlantic City Sonics batting - Pitching for Yakima Hops : RHP Curt Tate
Batting: LHB Pedro López 0-0: Ball
1-0: Foul Ball, location: 2F
1-1: Reached on error, E3 (Groundball, 3S)
Batting: RHB César Ramírez 0-0: Ball
Pedro López steals 2nd base
1-0: Ball
2-0: Ball
3-0: Called Strike
3-1: Foul Ball, location: 2F
3-2: Base on Balls
Batting: RHB Luis Garza 0-0: Ball
1-0: DOUBLE (Flyball, 89M)
Pedro López scores
César Ramírez to third
Pinch Runner at 2nd Dale Parkinson:
Batting: LHB Neal Hart 0-0: Called Strike
0-1: Ball
1-1: Called Strike
1-2: Strikes out swinging
Batting: RHB Bob Ethridge 0-0: Called Strike
0-1: Foul Ball, location: 2F
0-2: Foul Ball, location: 2F
0-2: Strikes out swinging
Batting: SHB David Snyder 0-0: Called Strike
0-1: Fly out, F8 (Flyball, 8LM)
Bottom of the 4th over - 1 run(s), 1 hit(s), 1 error(s), 2 left on base; Yakima 1 - Atlantic City 1
TOP OF THE 5TH
Yakima Hops batting - Pitching for Atlantic City Sonics : RHP Carlos Ramos
Now at 3B: Dale Parkinson
Batting: SHB Esteban Lugo 0-0: Fly out, F5 (Popup, 25F)
Batting: RHB Juan Márquez 0-0: Called Strike
0-1: Ball
1-1: Swinging Strike
1-2: Ball
2-2: Strikes out swinging
Batting: RHB Manuel Martínez 0-0: Called Strike
0-1: Ball
1-1: Fly out, F8 (Flyball, 89M)
Top of the 5th over - 0 run(s), 0 hit(s), 0 error(s), 0 left on base; Yakima 1 - Atlantic City 1
BOTTOM OF THE 5TH
Atlantic City Sonics batting - Pitching for Yakima Hops : RHP Curt Tate
Batting: LHB Kip Burks 0-0: Ball
1-0: Swinging Strike
1-1: Foul Ball, location: 2F
1-2: Strikes out swinging
Batting: LHB Francisco Ortega 0-0: Ball
1-0: Ground out U3 (Groundball, 3)
Batting: RHB Martín Álvarez 0-0: Ball
1-0: Ball
2-0: Called Strike
2-1: Foul Ball, location: 2F
2-2: Foul Ball, location: 2F
2-2: SINGLE (Groundball, 56D)
Batting: LHB Pedro López 0-0: Ball
1-0: Ball
2-0: DOUBLE (Line Drive, 7LS)
Martín Álvarez to third
Batting: RHB César Ramírez 0-0: Called Strike
0-1: Ball
1-1: Swinging Strike
1-2: Strikes out swinging
Bottom of the 5th over - 0 run(s), 2 hit(s), 0 error(s), 2 left on base; Yakima 1 - Atlantic City 1
TOP OF THE 6TH
Yakima Hops batting - Pitching for Atlantic City Sonics : RHP Carlos Ramos
Batting: RHB Abraham Jacobs 0-0: Called Strike
0-1: Ball
1-1: SINGLE (Groundball, 6MD)
Batting: RHB Edgar García 0-0: Bunted foul
0-1: Bunted foul
0-2: Ball
1-2: Strikes out swinging
Batting: SHB Carlos Sánchez 0-0: Ball
1-0: Called Strike
1-1: Foul Ball, location: 2F
1-2: Ball
2-2: Ball
3-2: Fly out, F7 (Flyball, 78S)
Batting: LHB Jorge Vargas 0-0: Ball
1-0: Called Strike
1-1: Foul Ball, location: 2F
1-2: Fly out, F7 (Flyball, 7S)
Top of the 6th over - 0 run(s), 1 hit(s), 0 error(s), 1 left on base; Yakima 1 - Atlantic City 1
BOTTOM OF THE 6TH
Atlantic City Sonics batting - Pitching for Yakima Hops : RHP Curt Tate
Batting: LHB Dale Parkinson 0-0: Fly out, F4 (Popup, 4MD)
Batting: LHB Neal Hart 0-0: Ball
1-0: Ground out 6-3 (Groundball, 6)
Batting: RHB Bob Ethridge 0-0: Ball
1-0: Fly out, F6 (Line Drive, 6)
Bottom of the 6th over - 0 run(s), 0 hit(s), 0 error(s), 0 left on base; Yakima 1 - Atlantic City 1
TOP OF THE 7TH
Yakima Hops batting - Pitching for Atlantic City Sonics : RHP Carlos Ramos
Batting: RHB William Miles 0-0: Ball
1-0: Swinging Strike
1-1: Ball
2-1: Called Strike
2-2: Ground out 3-1 (Groundball, 34)
Batting: RHB Gabriel Juárez 0-0: Ball
1-0: Ball
2-0: Called Strike
2-1: Fly out, F6 (Line Drive, 6)
Batting: SHB Esteban Lugo 0-0: Foul Ball, location: 2F
0-1: Foul Ball, location: 2F
0-2: Ground out 1-3 (Groundball, 13S)
Top of the 7th over - 0 run(s), 0 hit(s), 0 error(s), 0 left on base; Yakima 1 - Atlantic City 1
BOTTOM OF THE 7TH
Atlantic City Sonics batting - Pitching for Yakima Hops : RHP Curt Tate
Pitching: RHP Júlio Maes
Pinch Hitting: LHB Mark Evans 0-0: Ball
1-0: Foul Ball, location: 2F
1-1: Called Strike
1-2: Foul Ball, location: 2F
1-2: Ball
2-2: Strikes out swinging
Batting: LHB Kip Burks 0-0: Ball
1-0: Called Strike
1-1: Fly out, F8 (Flyball, 78M)
Batting: LHB Francisco Ortega 0-0: Ball
1-0: Called Strike
1-1: SINGLE (Line Drive, 4MD)
Batting: RHB Martín Álvarez 0-0: Ball
1-0: Ball
2-0: Fielders Choice at 2nd, 5-4 (Groundball, 56)
Bottom of the 7th over - 0 run(s), 1 hit(s), 0 error(s), 0 left on base; Yakima 1 - Atlantic City 1
TOP OF THE 8TH
Yakima Hops batting - Pitching for Atlantic City Sonics : RHP Carlos Ramos
Now at 2B: Marty Hayden
Batting: RHB Juan Márquez 0-0: Called Strike
0-1: Called Strike
0-2: Ball
1-2: Ground out 5-3 (Groundball, 5L)
Batting: RHB Manuel Martínez 0-0: SINGLE (Groundball, 4MD)
Batting: RHB Abraham Jacobs 0-0: DOUBLE (Line Drive, 89M)
Manuel Martínez to third
Runner from 3rd tries for Home, SAFE, no throw or cutoff
Batting: RHB Edgar García 0-0: Ball
1-0: Ball
2-0: Ground out 4-3 (Groundball, 4M)
Abraham Jacobs to third
Batting: SHB Carlos Sánchez 0-0: Ball
1-0: Ball
2-0: Called Strike
2-1: Ball
3-1: TRIPLE (Groundball, 3L)
Abraham Jacobs scores
Batting: LHB Jorge Vargas 0-0: Ball
1-0: Called Strike
1-1: Foul Ball, location: 2F
1-2: Foul Ball, location: 2F
1-2: Ball
2-2: Fly out, F7 (Flyball, 7M)
Top of the 8th over - 2 run(s), 3 hit(s), 0 error(s), 1 left on base; Yakima 3 - Atlantic City 1
BOTTOM OF THE 8TH
Atlantic City Sonics batting - Pitching for Yakima Hops : RHP Júlio Maes
Batting: LHB Pedro López 0-0: Ball
1-0: SINGLE (Groundball, 5D)
Pitching: RHP Sean Sanford
Batting: RHB César Ramírez 0-0: Foul Ball, location: 2F
0-1: Ball
1-1: Ball
2-1: Foul Ball, location: 2F
2-2: Ball
3-2: Ground out 6-3 (Groundball, 6)
Pedro López to second
Pitching: LHP Cisco Flores
Batting: LHB Dale Parkinson 0-0: Foul Ball, location: 2F
0-1: Ball
1-1: Called Strike
1-2: Foul Ball, location: 2F
1-2: Ball
2-2: Ball
3-2: Ground out U3 (Groundball, 3)
Pedro López to third
Batting: LHB Neal Hart 0-0: Called Strike
0-1: Ball
1-1: Called Strike
1-2: Strikes out swinging
Bottom of the 8th over - 0 run(s), 1 hit(s), 0 error(s), 1 left on base; Yakima 3 - Atlantic City 1
TOP OF THE 9TH
Yakima Hops batting - Pitching for Atlantic City Sonics : RHP Carlos Ramos
Pitching: RHP Bernardo Valdés
Batting: RHB William Miles 0-0: Foul Ball, location: 2F
0-1: Ball
1-1: Fly out, F7 (Flyball, 7M)
Batting: RHB Gabriel Juárez 0-0: Ball
1-0: Ball
2-0: Called Strike
2-1: Ball
3-1: Called Strike
3-2: Foul Ball, location: 2F
3-2: Reached on Error, E9 (Flyball, 89M)
Batting: SHB Esteban Lugo 0-0: Swinging Strike
0-1: Swinging Strike
0-2: Strikes out swinging
Batting: RHB Juan Márquez 0-0: Called Strike
0-1: Ball
1-1: Ball
2-1: Called Strike
2-2: Foul Ball, location: 2F
2-2: Foul Ball, location: 2F
2-2: Ground out 4-3 (Groundball, 4)
Top of the 9th over - 0 run(s), 0 hit(s), 1 error(s), 1 left on base; Yakima 3 - Atlantic City 1
BOTTOM OF THE 9TH
Atlantic City Sonics batting - Pitching for Yakima Hops : LHP Cisco Flores
Pitching: RHP Seb Alport
Batting: RHB Bob Ethridge 0-0: Ball
1-0: Called Strike
1-1: Foul Ball, location: 2F
1-2: Ball
2-2: Ball
3-2: Base on Balls
Pinch Hitting: RHB Edgar Stephenson 0-0: Ball
1-0: Ball
2-0: Grounds into double play, 4-6-3 (Groundball, 4M)
Batting: LHB Kip Burks 0-0: Called Strike
0-1: Foul Ball, location: 2F
0-2: Foul Ball, location: 2F
0-2: Ball
1-2: SINGLE (Line Drive, 4MD)
Batting: LHB Francisco Ortega 0-0: Ball
1-0: Ball
2-0: Called Strike
2-1: Ball
3-1: Swinging Strike
3-2: Base on Balls
Kip Burks to second
Batting: RHB Martín Álvarez 0-0: Ground out 6-3 (Groundball, 6)
Bottom of the 9th over - 0 run(s), 1 hit(s), 0 error(s), 2 left on base; Yakima 3 - Atlantic City 1
This league is powered by Out of the Park Baseball, the baseball management simulation game for PC, Mac and Linux
Friday, April 15th, 2016 - OOTP Baseball 16.9 Build 39